 Dungeon Sprint DCSS version 0.17-a0-1508-ge7f3dc3 (webtiles) character file.

154790 Kidiri the Gargoyle Barricade (level 17, -4/129 HPs)
             Began as a Gargoyle Fighter on July 10, 2015.
             Was the Champion of Qazlal.
             Killed by divine providence
             ... invoked by a greater mummy
              (10 damage)
             ... in the Dungeon (Sprint V: "Ziggurat Sprint").
             The game lasted 00:48:35 (3379 turns).

Kidiri the Gargoyle Barricade (Gargoyle Fighter)    Turns: 3379, Time: 00:48:35

Health: -4/129     AC: 64    Str: 27    XL:     17   Next: 63%
Magic:  20/27      EV: 10    Int: 11    God:    Qazlal [******]
Gold:   11         SH: 45    Dex: 16    Spells: 0 memorised, 19 levels left

rFire  . . .     SeeInvis +     L - +6 shillelagh "Devastator" {shatter}
rCold  + + .     Clarity  +     J - +15 Maxwell's patent armour {-Cast -Tele rElec MR+ rCorr}
rNeg   + + +     SustAt   .     K - +18 shield of the gong {rElec rN+ MR+ EV-5}
rPois  ∞         Gourm    .     (helmet restricted)
rElec  +         Spirit   .     A - +2 cloak of the Thief {+Fog Slay-2 SInv Stlth+}
rCorr  +         Warding  +     (no gloves)
rMut   .         NoTele   +     o - +0 pair of boots of Deixao Denia {rPois rC++ MR+ Str-5} (curse)
MR     ++++.     NoCast   +     B - amulet "Yntuv" {Ward rPois rN+ Str+4 Dex+4}
Stlth  ..........               g - ring "Veniucap" {+Inv AC+4 Str+4 Int+2 Stlth-}
                                N - ring of Shadows {Umbra +Inv rN+ SInv}

@: very slightly contaminated, wreathed by umbra, repel missiles, invisible,
incredibly resistant to hostile enchantments, extremely unstealthy
A: antennae 1, big wings, beak, iridescent scales 1, camouflage 1, berserk 2,
blink 1, blurry vision 1, clarity, negative energy resistance 1, electricity
resistance, unbreathing, petrification resistance, no device heal 1, rot
immunity, AC +12
a: Fly, Blink, Upheaval, Elemental Force, Disaster Area, Renounce Religion,
Evoke Fog, Turn Visible


You were in the Dungeon.
You worshipped Qazlal.
Qazlal was exalted by your worship.
You were full.

You visited 1 branch You collected 11 gold pieces.

Inventory:

Hand weapons
 L - the +6 shillelagh "Devastator" (weapon) {shatter}
   (You found it in the Dungeon)
Armour
 o - the cursed +0 pair of boots of Deixao Denia (worn) {rPois rC++ MR+ Str-5}
   (You found it in the Dungeon)

   It affects your strength (-5).
   It greatly protects you from cold.
   It protects you from poison.
   It affects your resistance to hostile enchantments.
   It has a curse placed upon it.
 A - the +2 cloak of the Thief (worn) {+Fog Slay-2 SInv Stlth+}
   (You found it in the Dungeon)

   It affects your accuracy and damage with ranged weapons and melee attacks
   (-2).
   It lets you see invisible.
   It can be evoked to emit clouds of fog.
   It makes you more stealthy.
 J - the +15 Maxwell's patent armour (worn) {-Cast -Tele rElec MR+ rCorr}
   (You found it in the Dungeon)

   It insulates you from electricity.
   It affects your resistance to hostile enchantments.
   It prevents spellcasting.
   It prevents most forms of teleportation.
   It protects you from acid and corrosion.
 K - the +18 shield of the gong (worn) {rElec rN+ MR+ EV-5}
   (You found it in the Dungeon)

   It affects your evasion (-5).
   It insulates you from electricity.
   It protects you from negative energy.
   It affects your resistance to hostile enchantments.
Jewellery
 g - the ring "Veniucap" (right hand) {+Inv AC+4 Str+4 Int+2 Stlth-}
   (You found it in the Dungeon)

   [ring of protection]

   It affects your AC (+4).
   It affects your strength (+4).
   It affects your intelligence (+2).
   It lets you turn invisible.
   It makes you less stealthy.
 B - the amulet "Yntuv" (around neck) {Ward rPois rN+ Str+4 Dex+4}
   (You found it in the Dungeon)

   [amulet of warding]

   It may prevent the melee attacks of summoned creatures.
   It affects your strength (+4).
   It affects your dexterity (+4).
   It protects you from poison.
   It protects you from negative energy.
 N - the ring of Shadows (left hand) {Umbra +Inv rN+ SInv}
   (You found it in the Dungeon)

   [ring of invisibility]

   It protects you from negative energy.
   It lets you see invisible.
   It lets you turn invisible.
 O - the ring "Wiybiahee" {+Blink rPois AC+1 Str+4 Int-5}
   (You found it in the Dungeon)

   [ring of protection]

   It affects your AC (+1).
   It affects your strength (+4).
   It affects your intelligence (-5).
   It protects you from poison.
   It lets you blink.
Magical devices
 y - a wand of hasting (2)
 F - a wand of disintegration (7)
 G - a wand of fire (5)
 H - a wand of cold (5)
 I - a wand of draining (5)
Scrolls
 a - 8 scrolls of enchant armour
 k - 4 scrolls of blinking
 q - 4 scrolls of amnesia
 r - 4 scrolls of recharging
 s - 7 scrolls of fog
 t - a scroll of holy word
 u - 4 scrolls of identify
 v - 5 scrolls of remove curse
 w - 2 scrolls of fear
 S - a scroll of brand weapon
Potions
 d - 7 potions of might
 f - 8 potions of curing
 h - 6 potions of haste
 i - 7 potions of magic
 j - 2 potions of berserk rage
 l - 2 potions of brilliance
 m - 2 potions of invisibility
 n - 4 potions of resistance
 p - 7 potions of agility
 C - 2 potions of cure mutation
Comestibles
 c - 6 royal jellies
 e - 5 bread rations
 x - 42 fruits
 z - a meat ration


   Skills:
 + Level 22.5 Fighting
 * Level 24.5 Maces & Flails
 - Level 1.9 Throwing
 O Level 27 Armour
 + Level 11.1 Dodging
 - Level 2.4 Stealth
 O Level 27 Shields
 - Level 1.7 Unarmed Combat
 - Level 1.6 Spellcasting
 - Level 10.7 Invocations
 * Level 13.6 Evocations


You had 19 spell levels left.
You didn't know any spells.

Dungeon Overview and Level Annotations

Branches:
Dungeon (1/1)

Altars:
Ashenzari
Cheibriados
Dithmenos
Elyvilon
Fedhas
Gozag
Kikubaaqudgha
Makhleb
Nemelex Xobeh
Okawaru
Qazlal
Ru
Sif Muna
Trog
Vehumet
Xom
Yredelemnul
Zin
The Shining One
Beogh
Jiyva
Lugonu


Innate Abilities, Weirdness & Mutations

You are resistant to torment.
Your stone body is resilient (AC +12).
You are immune to poison.
Your large and strong wings let you fly indefinitely.
You resist negative energy.
You are resistant to electric shocks.
You can survive without breathing.
You are immune to petrification.
You are immune to rotting.
You have a pair of small antennae on your head.
You have a beak for a mouth.
You are partially covered in iridescent scales (AC +4).
Your skin changes colour to match your surroundings (Stealth).
You often lose your temper in combat.
You can translocate small distances at will.
Scrolls take you a little longer to read.
You possess an exceptional clarity of mind.
Potions and wands are less effective at restoring your health.


Message History

You block the spectral bat's attack.
BOUMMMMG!
The emperor scorpion is engulfed in negative energy.
The emperor scorpion is drained!
The emperor scorpion's attack is warded away.
You block the emperor scorpion's attack.
GONNNNG!
The emperor scorpion's attack is warded away.
The mummy priest completely misses you.
Read which item? (? for menu, Esc to quit)
Really read with blurry vision while enemies are nearby?
The ufetubus shouts! x2
The flying skull gives a hideous shriek!
You block the spectral bat's attack.
BOUMMMMG!
You block the wight's attack.
GONNNNG!
The greater mummy casts a spell at you. Something smites you!
You die...

...:)..Ms.[...:
...≈.M)sMZ)W}=::
....M8MMMMM.....
.5s3MsM8ZMMM....
...48MMHsZMW≈≈..
...55§szMMM8....
...4MMsMM.)M....
....3WM@zZ......
....4§.§Z§......
.........§......
....▓.......▓...
... ▓▓.....▓▓ ..
....▓.......▓...
................
...............
...............


You could see 5 greater mummies, 7 emperor scorpions, 7 mummy priests, a soul
eater, a shadow wraith (invisible), an anubis guard, a hellwing, 6 guardian
mummies, 4 ushabtiu, a rust devil, a freezing wraith, a spectral bat, a spectral
adder, a ynoxinul, a wraith, a red devil, a flying skull (wandering), 8 mummies,
a wight, a ball python simulacrum (wandering), 3 ufetubi, a quokka zombie
(wandering) and an adder skeleton (wandering).

Vanquished Creatures
  Norris (D)
  A tentacled monstrosity (D)
  An Orb Guardian (D)
  6 acid blobs (D)
  2 quicksilver dragons (D)
  A storm dragon (D)
  9 greater nagas (D)
  Donald (D)
  9 azure jellies (D)
  2 iron dragons (D)
  A very ugly thing (D)
  5 green draconians (D)
  5 stone giants (D)
  6 black draconians (D)
  5 death oozes (D)
  A red draconian (D)
  2 dire elephants (D)
  2 mottled draconians (D)
  A purple draconian (D)
  5 white draconians (D)
  A merfolk javelineer (D)
  An ettin (shapeshifter) (D)
  16 vault guards (D)
  A crystal guardian (D)
  2 merfolk impalers (D)
  2 great orbs of eyes (D)
  A yaktaur captain (D)
  10 naga warriors (D)
  A hydra (D)
  A centaur warrior (D)
  An ice dragon (D)
  A catoblepas (D)
  Erolcha (D)
  2 merfolk aquamancers (D)
  8 anacondas (D)
  An iron golem (D)
  A thrashing horror (D)
  2 sea snakes (D)
  An anubis guard (shapeshifter) (D)
  An unseen horror (shapeshifter) (D)
  A deep troll (shapeshifter) (D)
  An ugly thing (D)
  2 griffons (D)
  2 orb spiders (D)
  2 anubis guards (D)
  2 harpies (D)
  A manticore (D)
  3 wolf spiders (D)
  A wolf spider (shapeshifter) (D)
  2 moths of wrath (D)
  A faun (shapeshifter) (D)
  2 shining eyes (D)
  3 cyclopes (D)
  2 hornets (D)
  7 black mambas (D)
  Maurice (D)
  A gargoyle (D)
  Joseph (D)
  8 naga magi (D)
  A torpor snail (D)
  6 guardian serpents (D)
  An eye of devastation (D)
  5 demonic crawlers (D)
  A yaktaur (D)
  A hellwing (D)
  2 jumping spiders (D)
  7 spiny frogs (D)
  A fire drake (shapeshifter) (D)
  A fire drake (D)
  5 komodo dragons (D)
  A wandering mushroom (D)
  A polar bear (shapeshifter) (D)
  11 merfolk (D)
  A snapping turtle (D)
  10 slime creatures (D)
  Prince Ribbit (D)
  A boulder beetle (D)
  2 trapdoor spiders (D)
  A tarantella (shapeshifter) (D)
  A yak (D)
  A water elemental (D)
  An air elemental (D)
  A human (shapeshifter) (D)
  2 trapdoor spiders (shapeshifter) (D)
  Eustachio (D)
  A basilisk (shapeshifter) (D)
  2 basilisks (D)
  A tarantella (D)
  2 neqoxecs (D)
  2 hippogriffs (D)
  2 golden eyes (D)
  8 nagas (D)
  A wolf (D)
  3 insubstantial wisps (D)
  2 porcupines (D)
  12 water moccasins (D)
  A spider (D)
  3 crocodiles (D)
  An eye of draining (D)
  A wasp (D)
  4 centaurs (D)
  A giant frog (D)
  4 earth elementals (D)
  Dowan (D)
  A crimson imp (D)
  An orc priest (D)
  A jelly (D)
  An iguana (D)
  2 orc wizards (D)
  3 sheep (D)
  3 mummies (D)
  4 river rats (D)
  5 adders (D)
  An ufetubus (D)
  An adder zombie (D)
  6 ball pythons (D)
  A bat simulacrum (D)
  A bat skeleton (D)
  A bat zombie (D)
  2 jackals (D)
  A jackal simulacrum (D)
318 creatures vanquished.

Vanquished Creatures (collateral kills)
  A water moccasin (D)
1 creature vanquished.

Vanquished Creatures (others)
  A yellow draconian (D)
  A wolf spider (D)
  A naga (D)
  A water moccasin (D)
4 creatures vanquished.

Grand Total: 323 creatures vanquished

Notes
Turn   | Place    | Note
--------------------------------------------------------------
     0 | D        | Kidiri the Gargoyle Fighter began the quest for the Orb.
     0 | D        | Reached XP level 1. HP: 14/14 MP: 1/1
     0 | D        | Found a roughly hewn altar of Beogh.
     0 | D        | Found a corrupted altar of Lugonu.
     0 | D        | Found a viscous altar of Jiyva.
     0 | D        | Found a white marble altar of Elyvilon.
     0 | D        | Found a sparkling altar of Nemelex Xobeh.
     0 | D        | Found a burning altar of Makhleb.
     0 | D        | Found an iron altar of Okawaru.
     0 | D        | Found a deep blue altar of Sif Muna.
     0 | D        | Found a radiant altar of Vehumet.
     0 | D        | Found a bloodstained altar of Trog.
     0 | D        | Found a shimmering altar of Xom.
    62 | D        | Became a worshipper of Qazlal Stormbringer
    68 | D        | Reached skill level 4 in Fighting
    68 | D        | Reached skill level 1 in Throwing
    68 | D        | Reached skill level 1 in Dodging
    68 | D        | Reached skill level 1 in Unarmed Combat
    68 | D        | Reached skill level 1 in Spellcasting
    68 | D        | Reached skill level 1 in Evocations
    68 | D        | Reached XP level 2. HP: 18/20 MP: 1/4
   183 | D        | Entered arena 1.
   183 | D        | Noticed a giant frog
   186 | D        | Killed a giant frog
   186 | D        | Reached skill level 5 in Armour
   186 | D        | Reached skill level 5 in Shields
   186 | D        | Reached XP level 3. HP: 24/24 MP: 5/5
   186 | D        | Reached XP level 4. HP: 30/30 MP: 6/6
   197 | D        | Entered arena 2.
   197 | D        | Noticed an orc wizard
   197 | D        | Noticed an orc wizard
   197 | D        | Noticed an orc priest
   200 | D        | Killed an orc priest
   200 | D        | Acquired Qazlal's first power
   200 | D        | Reached skill level 5 in Fighting
   203 | D        | Killed an orc wizard
   203 | D        | Reached skill level 6 in Armour
   203 | D        | Reached XP level 5. HP: 33/35 MP: 6/8
   203 | D        | Killed an orc wizard
   214 | D        | Identified the Volume of Protection (You found it in the Dungeon)
   222 | D        | Entered arena 3.
   222 | D        | Noticed a hellwing
   222 | D        | Noticed a thrashing horror
   222 | D        | Noticed a crimson imp
   227 | D        | Acquired Qazlal's second power
   233 | D        | Killed a thrashing horror
   233 | D        | Reached skill level 7 in Fighting
   233 | D        | Reached skill level 9 in Armour
   233 | D        | Reached XP level 6. HP: 38/44 MP: 8/10
   233 | D        | Reached XP level 7. HP: 41/48 MP: 8/11
   246 | D        | Killed a hellwing
   246 | D        | Reached skill level 10 in Armour
   246 | D        | Reached skill level 10 in Shields
   246 | D        | Reached XP level 8. HP: 48/54 MP: 9/13
   246 | D        | Killed a crimson imp
   253 | D        | Got the amulet "Unihemm" {rCorr Dex+3 Stlth+}
   279 | D        | Entered arena 4.
   279 | D        | Noticed an air elemental
   279 | D        | Noticed an insubstantial wisp
   279 | D        | Noticed an insubstantial wisp
   279 | D        | Noticed an insubstantial wisp
   287 | D        | Killed an air elemental
   295 | D        | Killed an insubstantial wisp
   300 | D        | Killed an insubstantial wisp
   300 | D        | Reached skill level 11 in Shields
   308 | D        | Killed an insubstantial wisp
   324 | D        | Entered arena 5.
   324 | D        | Noticed a water moccasin
   324 | D        | Noticed a water moccasin
   324 | D        | Noticed a naga
   327 | D        | Acquired Qazlal's third power
   328 | D        | Killed a water moccasin
   328 | D        | Killed a water moccasin
   328 | D        | Reached XP level 9. HP: 60/60 MP: 13/15
   328 | D        | Killed a naga
   340 | D        | Entered arena 6.
   340 | D        | Noticed a green ugly thing
   340 | D        | Noticed a tarantella
   340 | D        | Noticed a basilisk
   340 | D        | Noticed a basilisk
   340 | D        | Noticed a neqoxec
   343 | D        | a basilisk changed into a polar bear
   345 | D        | Killed a basilisk
   345 | D        | Acquired Qazlal's fourth power
   346 | D        | Killed a neqoxec
   348 | D        | Killed a tarantella
   348 | D        | Reached skill level 12 in Shields
   349 | D        | Killed an unseen horror
   355 | D        | Killed a green ugly thing
   355 | D        | Acquired Qazlal's fifth power
   360 | D        | Reached skill level 10 in Fighting
   360 | D        | Reached skill level 13 in Shields
   360 | D        | Reached XP level 10. HP: 28/68 MP: 15/17
   381 | D        | Gained mutation: Your skin changes colour to match your surroundings (Stealth). [mutagenic meat]
   382 | D        | Gained mutation: You can spit weak poison. [mutagenic meat]
   383 | D        | Gained mutation: You tend to lose your temper in combat. [mutagenic meat]
   385 | D        | Gained mutation: You can translocate small distances at will. [mutagenic meat]
   387 | D        | Gained mutation: You are partially covered in iridescent scales (AC +4). [mutagenic meat]
   388 | D        | Gained mutation: You occasionally shout uncontrollably at your foes. [mutagenic meat]
   390 | D        | Lost mutation: You occasionally shout uncontrollably at your foes. [mutagenic meat]
   391 | D        | Gained mutation: You are clumsy. (Dex -2) [mutagenic meat]
   392 | D        | Gained mutation: Scrolls take you a little longer to read. [mutagenic meat]
   397 | D        | Got the cursed ring "Mim Pusi" {rElec rC+ Str-3 Stlth+}
   550 | D        | Entered arena 7.
   550 | D        | Noticed a centaur
   550 | D        | Noticed a cyclops
   550 | D        | Noticed a centaur warrior
   550 | D        | Noticed a yaktaur
   550 | D        | Noticed a centaur
   550 | D        | Noticed a cyclops
   551 | D        | Identified the +6 falchion "Xelur" {freeze, rN+ Int+4}
   554 | D        | Killed a centaur
   557 | D        | Killed a yaktaur
   558 | D        | Killed a centaur
   558 | D        | Killed a cyclops
   561 | D        | Killed a cyclops
   561 | D        | Reached skill level 10 in Invocations
   561 | D        | Killed a centaur warrior
   561 | D        | Reached skill level 14 in Shields
   634 | D        | Entered arena 8.
   634 | D        | Noticed a centaur
   634 | D        | Noticed a merfolk
   634 | D        | Noticed a merfolk
   634 | D        | Noticed a merfolk
   634 | D        | Noticed a cyclops
   634 | D        | Noticed a hippogriff
   634 | D        | Noticed a merfolk
   638 | D        | Killed a hippogriff
   640 | D        | Killed a merfolk
   640 | D        | Killed a merfolk
   640 | D        | Killed a centaur
   640 | D        | Killed a cyclops
   640 | D        | Reached skill level 10 in Maces & Flails
   642 | D        | Killed a merfolk
   643 | D        | Killed a merfolk
   643 | D        | Reached XP level 11. HP: 71/74 MP: 17/19
   676 | D        | Entered arena 9.
   676 | D        | Noticed a porcupine
   676 | D        | Noticed a porcupine
   676 | D        | Noticed a yak
   676 | D        | Noticed an iguana
   676 | D        | Noticed a basilisk
   676 | D        | Noticed a basilisk
   680 | D        | Killed a porcupine
   681 | D        | Killed a basilisk
   681 | D        | Killed a basilisk
   681 | D        | Killed a porcupine
   684 | D        | Killed a yak
   684 | D        | Killed an iguana
   684 | D        | Reached skill level 15 in Shields
   701 | D        | Got the cursed +0 pair of boots of Deixao Denia {rPois rC++ MR+ Str-5}
   711 | D        | Got the ring "Zesmon" {Wiz Str-5 Dex+3 SInv Stlth+}
   722 | D        | Entered arena 10.
   722 | D        | Noticed a merfolk
   722 | D        | Noticed a centaur
   722 | D        | Noticed a merfolk
   722 | D        | Noticed a merfolk
   722 | D        | Noticed a merfolk
   722 | D        | Noticed a merfolk
   722 | D        | Noticed a merfolk
   730 | D        | Killed a merfolk
   730 | D        | Killed a merfolk
   730 | D        | Reached skill level 15 in Armour
   732 | D        | Killed a merfolk
   733 | D        | Killed a merfolk
   734 | D        | Killed a centaur
   735 | D        | Killed a merfolk
   737 | D        | Killed a merfolk
   781 | D        | Got the amulet "Yntuv" {Ward rPois rN+ Str+4 Dex+4}
   829 | D        | Entered arena 11.
   829 | D        | Noticed Eustachio
   829 | D        | Noticed Erolcha
   829 | D        | Noticed Dowan
   830 | D        | Noticed Joseph
   830 | D        | Noticed Prince Ribbit
   830 | D        | Noticed Donald
   830 | D        | Noticed Maurice
   830 | D        | Noticed Norris
   839 | D        | Killed Dowan
   839 | D        | Killed Joseph
   841 | D        | Killed Maurice
   844 | D        | Killed Erolcha
   844 | D        | Killed Prince Ribbit
   844 | D        | Reached skill level 16 in Shields
   845 | D        | Killed Donald
   851 | D        | Killed Eustachio
   854 | D        | Killed Norris
   854 | D        | Reached skill level 17 in Armour
   854 | D        | Reached XP level 12. HP: 45/84 MP: 20/20
  1014 | D        | Entered arena 12.
  1014 | D        | Noticed a red very ugly thing
  1014 | D        | Noticed a shock serpent
  1014 | D        | Noticed a queen bee
  1014 | D        | Noticed a wolf spider
  1014 | D        | Noticed a neqoxec
  1014 | D        | Noticed an ice dragon
  1014 | D        | a shock serpent changed into an ice dragon
  1015 | D        | Noticed a fire drake
  1015 | D        | Noticed a lindwurm
  1015 | D        | Noticed a faun
  1015 | D        | Noticed a swamp dragon
  1015 | D        | Noticed an orb spider
  1015 | D        | Noticed a ghost crab
  1015 | D        | a lindwurm changed into a ghost crab
  1015 | D        | an ice dragon changed into a griffon
  1015 | D        | a queen bee changed into a trapdoor spider
  1016 | D        | Noticed a snapping turtle
  1016 | D        | a ghost crab changed into a yaktaur
  1016 | D        | a swamp dragon changed into a tarantella
  1018 | D        | an orb spider changed into a human
  1019 | D        | Killed a wolf spider
  1021 | D        | Killed a faun
  1023 | D        | a snapping turtle changed into a deep troll
  1028 | D        | Noticed an entropy weaver
  1028 | D        | a giant leech changed into an entropy weaver
  1028 | D        | Killed a fire drake
  1031 | D        | Noticed a ghost moth
  1031 | D        | an entropy weaver changed into a ghost moth
  1032 | D        | Killed a neqoxec
  1033 | D        | Noticed an ice dragon
  1033 | D        | a ghost moth changed into an ice dragon
  1034 | D        | Noticed a satyr
  1034 | D        | an ice dragon changed into a satyr
  1035 | D        | Killed a red very ugly thing
  1035 | D        | Reached skill level 18 in Armour
  1039 | D        | Noticed an ettin
  1039 | D        | a satyr changed into an ettin
  1043 | D        | Killed an ettin
  1064 | D        | Gained mutation: You are partially covered in slimy green scales (AC +2). [mutagenic meat]
  1068 | D        | Lost mutation: You can translocate small distances at will. [mutagenic meat]
  1069 | D        | Gained mutation: You are frail (-10% HP). [mutagenic meat]
  1070 | D        | Gained mutation: You often lose your temper in combat. [mutagenic meat]
  1073 | D        | Lost mutation: You are clumsy. (Dex -2) [mutagenic meat]
  1074 | D        | Lost mutation: You are frail (-10% HP). [mutagenic meat]
  1192 | D        | Entered arena 13.
  1193 | D        | Noticed a mottled draconian
  1193 | D        | Noticed an Orb Guardian
  1193 | D        | Noticed a moth of wrath
  1193 | D        | Noticed a moth of wrath
  1193 | D        | Noticed a mottled draconian
  1193 | D        | Noticed a green draconian
  1193 | D        | Noticed an ice dragon
  1193 | D        | Noticed a tentacled monstrosity
  1193 | D        | Noticed a storm dragon
  1193 | D        | Noticed a black draconian
  1194 | D        | Noticed a green draconian
  1194 | D        | Noticed a white draconian
  1199 | D        | Killed an Orb Guardian
  1202 | D        | Killed a mottled draconian
  1205 | D        | Killed a tentacled monstrosity
  1205 | D        | Reached skill level 19 in Armour
  1205 | D        | Reached XP level 13. HP: 91/91 MP: 21/21
  1208 | D        | Killed a moth of wrath
  1208 | D        | Killed a moth of wrath
  1208 | D        | Killed a mottled draconian
  1219 | D        | Killed a white draconian
  1219 | D        | Reached skill level 15 in Maces & Flails
  1220 | D        | Killed an ice dragon
  1220 | D        | Killed a green draconian
  1220 | D        | Reached skill level 15 in Fighting
  1224 | D        | Killed a black draconian
  1224 | D        | Reached skill level 20 in Shields
  1225 | D        | Killed a storm dragon
  1227 | D        | Killed a green draconian
  1276 | D        | Entered arena 14.
  1277 | D        | Noticed an iron dragon
  1277 | D        | Noticed a quicksilver dragon
  1277 | D        | Noticed a quicksilver dragon
  1277 | D        | Noticed a gargoyle
  1277 | D        | Noticed a stone giant
  1277 | D        | Noticed a stone giant
  1277 | D        | Noticed an iron dragon
  1277 | D        | Noticed an earth elemental
  1278 | D        | Noticed a crystal guardian
  1278 | D        | Noticed an earth elemental
  1278 | D        | Noticed an earth elemental
  1278 | D        | Noticed an iron golem
  1278 | D        | Noticed an earth elemental
  1287 | D        | Killed an earth elemental
  1288 | D        | Killed a gargoyle
  1288 | D        | Killed a quicksilver dragon
  1288 | D        | Killed a stone giant
  1288 | D        | Killed a crystal guardian
  1292 | D        | Killed a stone giant
  1292 | D        | Killed an earth elemental
  1293 | D        | Killed an earth elemental
  1310 | D        | Killed an iron dragon
  1310 | D        | Reached skill level 21 in Armour
  1310 | D        | Killed an earth elemental
  1310 | D        | Killed an iron golem
  1310 | D        | Gained mutation: Your large and strong wings let you fly indefinitely. [Gargoyle growth]
  1310 | D        | Reached XP level 14. HP: 57/100 MP: 16/22
  1318 | D        | Killed an iron dragon
  1320 | D        | Killed a quicksilver dragon
  1352 | D        | Got the ring "Udei" {MP+9 SInv Stlth+}
  1539 | D        | Entered arena 15.
  1540 | D        | Noticed a snapping turtle
  1540 | D        | Noticed a sea snake
  1540 | D        | Noticed a water elemental
  1540 | D        | Noticed a harpy
  1540 | D        | Noticed a griffon
  1540 | D        | Noticed a merfolk impaler
  1540 | D        | Noticed a sea snake
  1540 | D        | Noticed a manticore
  1540 | D        | Noticed a merfolk javelineer
  1541 | D        | Noticed a merfolk impaler
  1541 | D        | Noticed a merfolk
  1541 | D        | Noticed a merfolk aquamancer
  1541 | D        | Noticed a harpy
  1542 | D        | Noticed a merfolk aquamancer
  1546 | D        | Killed a harpy
  1547 | D        | Killed a sea snake
  1548 | D        | Killed a water elemental
  1552 | D        | Killed a sea snake
  1555 | D        | Killed a merfolk
  1555 | D        | Killed a merfolk impaler
  1558 | D        | Killed a merfolk aquamancer
  1560 | D        | Killed a harpy
  1566 | D        | Killed a merfolk javelineer
  1567 | D        | Killed a merfolk impaler
  1567 | D        | Reached skill level 22 in Armour
  1569 | D        | Killed a merfolk aquamancer
  1570 | D        | Killed a griffon
  1571 | D        | Killed a manticore
  1572 | D        | Killed a snapping turtle
  1667 | D        | Entered arena 16.
  1669 | D        | Noticed a black draconian
  1669 | D        | Noticed a white draconian
  1669 | D        | Noticed a green draconian
  1669 | D        | Noticed a black draconian
  1670 | D        | Noticed a yellow draconian
  1670 | D        | Noticed a white draconian
  1670 | D        | Noticed a black draconian
  1670 | D        | Noticed a green draconian
  1670 | D        | Noticed a white draconian
  1670 | D        | Noticed a white draconian
  1670 | D        | Noticed a black draconian
  1671 | D        | Noticed a red draconian
  1671 | D        | Noticed a black draconian
  1671 | D        | Noticed a purple draconian
  1671 | D        | Noticed a green draconian
  1675 | D        | Killed a yellow draconian
  1679 | D        | Killed a white draconian
  1682 | D        | Killed a green draconian
  1685 | D        | Killed a black draconian
  1686 | D        | Killed a black draconian
  1686 | D        | Killed a white draconian
  1686 | D        | Killed a green draconian
  1688 | D        | Killed a red draconian
  1688 | D        | Killed a green draconian
  1688 | D        | Killed a white draconian
  1688 | D        | Reached skill level 23 in Armour
  1688 | D        | Killed a purple draconian
  1690 | D        | Killed a black draconian
  1691 | D        | Killed a white draconian
  1692 | D        | Killed a black draconian
  1701 | D        | Killed a black draconian
  1701 | D        | Reached XP level 15. HP: 61/108 MP: 17/23
  1728 | D        | Got the ring "Qocyojus" {rF+ rN+ MP+9}
  1769 | D        | Entered arena 17.
  1771 | D        | Noticed a black mamba
  1771 | D        | Noticed a naga warrior
  1772 | D        | Noticed a black mamba
  1772 | D        | Noticed a greater naga
  1772 | D        | Noticed a naga warrior
  1772 | D        | Noticed a greater naga
  1772 | D        | Noticed a black mamba
  1772 | D        | Noticed a greater naga
  1772 | D        | Noticed a naga warrior
  1773 | D        | Noticed a naga mage
  1773 | D        | Noticed a naga mage
  1774 | D        | Noticed a naga
  1774 | D        | Noticed a guardian serpent
  1776 | D        | Killed a black mamba
  1777 | D        | Noticed a guardian serpent
  1777 | D        | Noticed a naga mage
  1778 | D        | Killed a naga mage
  1778 | D        | Killed a black mamba
  1778 | D        | Killed a black mamba
  1779 | D        | Killed a naga mage
  1779 | D        | Identified a cursed +5 rod of inaccuracy (7/10)
  1783 | D        | Killed a naga
  1784 | D        | Killed a guardian serpent
  1785 | D        | HP: 2/108 [guardian serpent (12)]
  1787 | D        | Killed a guardian serpent
  1787 | D        | Killed a naga warrior
  1789 | D        | Killed a naga mage
  1797 | D        | Killed a naga warrior
  1797 | D        | Killed a naga warrior
  1799 | D        | Killed a greater naga
  1799 | D        | Killed a greater naga
  1799 | D        | Reached skill level 24 in Armour
  1801 | D        | Killed a greater naga
  1840 | D        | Gained mutation: You have a pair of small antennae on your head. [mutagenic meat]
  1841 | D        | Gained mutation: You possess an exceptional clarity of mind. [mutagenic meat]
  1842 | D        | Lost mutation: You can spit weak poison. [mutagenic meat]
  2142 | D        | Entered arena 18.
  2144 | D        | Noticed a stone giant
  2144 | D        | Noticed a vault guard
  2144 | D        | Noticed a vault guard
  2144 | D        | Noticed a vault guard
  2144 | D        | Noticed a stone giant
  2145 | D        | Noticed a vault guard
  2145 | D        | Noticed a vault guard
  2145 | D        | Noticed a vault guard
  2145 | D        | Noticed a yaktaur captain
  2145 | D        | Noticed a stone giant
  2145 | D        | Noticed a vault guard
  2145 | D        | Noticed a vault guard
  2145 | D        | Noticed a vault guard
  2145 | D        | Noticed a vault guard
  2145 | D        | Noticed a vault guard
  2146 | D        | Noticed a vault guard
  2146 | D        | Noticed a vault guard
  2146 | D        | Noticed a vault guard
  2146 | D        | Noticed a vault guard
  2146 | D        | Noticed a vault guard
  2149 | D        | Killed a yaktaur captain
  2149 | D        | Killed a vault guard
  2149 | D        | Killed a stone giant
  2149 | D        | Killed a vault guard
  2149 | D        | Killed a vault guard
  2149 | D        | Killed a vault guard
  2149 | D        | Killed a vault guard
  2149 | D        | Killed a stone giant
  2151 | D        | Killed a vault guard
  2153 | D        | Killed a vault guard
  2154 | D        | Killed a vault guard
  2154 | D        | Killed a vault guard
  2155 | D        | Killed a stone giant
  2155 | D        | Reached skill level 25 in Armour
  2157 | D        | Killed a vault guard
  2158 | D        | Killed a vault guard
  2158 | D        | Killed a vault guard
  2158 | D        | Killed a vault guard
  2163 | D        | Killed a vault guard
  2171 | D        | Killed a vault guard
  2173 | D        | Killed a vault guard
  2246 | D        | Got the ring "Wiybiahee" {+Blink rPois AC+1 Str+4 Int-5}
  2256 | D        | Entered arena 19.
  2260 | D        | Noticed a wolf spider
  2260 | D        | Noticed a wolf spider
  2260 | D        | Noticed a jumping spider
  2260 | D        | Noticed an orb spider
  2260 | D        | Noticed a hornet
  2260 | D        | Noticed a torpor snail
  2260 | D        | Noticed a jumping spider
  2260 | D        | Noticed a spider
  2261 | D        | Noticed a tarantella
  2261 | D        | Noticed a trapdoor spider
  2261 | D        | Noticed a trapdoor spider
  2262 | D        | Noticed a wasp
  2262 | D        | Noticed a wolf spider
  2262 | D        | Noticed a demonic crawler
  2262 | D        | Noticed a demonic crawler
  2262 | D        | Noticed a demonic crawler
  2262 | D        | Noticed a demonic crawler
  2262 | D        | Noticed a hornet
  2262 | D        | Noticed a wolf spider
  2262 | D        | Noticed a demonic crawler
  2262 | D        | Noticed an orb spider
  2263 | D        | Killed a trapdoor spider
  2264 | D        | Killed a spider
  2264 | D        | Killed a jumping spider
  2265 | D        | Killed a tarantella
  2266 | D        | Noticed a boulder beetle
  2266 | D        | Killed a wasp
  2267 | D        | Killed a trapdoor spider
  2268 | D        | Killed a wolf spider
  2271 | D        | Killed a hornet
  2272 | D        | Killed a hornet
  2272 | D        | Killed a demonic crawler
  2273 | D        | Killed a wolf spider
  2279 | D        | Killed a demonic crawler
  2281 | D        | Killed a wolf spider
  2282 | D        | Killed a torpor snail
  2284 | D        | Killed a demonic crawler
  2285 | D        | Killed a wolf spider
  2295 | D        | Killed a jumping spider
  2300 | D        | Killed a demonic crawler
  2300 | D        | Killed a demonic crawler
  2303 | D        | Killed a boulder beetle
  2308 | D        | Killed an orb spider
  2308 | D        | Reached XP level 16. HP: 41/117 MP: 24/24
  2320 | D        | Killed an orb spider
  2343 | D        | Got the amulet of Xuantec {Spirit MR+ Int-2 Stlth+}
  2544 | D        | Entered arena 20.
  2547 | D        | Noticed an anaconda
  2548 | D        | Noticed an anaconda
  2548 | D        | Noticed a guardian serpent
  2548 | D        | Noticed a black mamba
  2548 | D        | Noticed a greater naga
  2548 | D        | Noticed a greater naga
  2548 | D        | Noticed a naga mage
  2548 | D        | Noticed a naga
  2549 | D        | Noticed a water moccasin
  2549 | D        | Noticed a naga mage
  2549 | D        | Noticed a naga
  2549 | D        | Noticed a naga warrior
  2549 | D        | Noticed a water moccasin
  2549 | D        | Noticed a naga warrior
  2549 | D        | Noticed a water moccasin
  2549 | D        | Noticed a naga warrior
  2549 | D        | Noticed a greater naga
  2549 | D        | Noticed an anaconda
  2549 | D        | Noticed a naga
  2549 | D        | Noticed a water moccasin
  2549 | D        | Noticed a naga mage
  2550 | D        | Noticed a water moccasin
  2552 | D        | Killed a naga
  2553 | D        | Noticed a naga
  2553 | D        | Killed a water moccasin
  2553 | D        | Killed a water moccasin
  2553 | D        | Killed a water moccasin
  2553 | D        | Killed a guardian serpent
  2553 | D        | Killed a water moccasin
  2553 | D        | Killed a black mamba
  2553 | D        | Killed a naga mage
  2554 | D        | Killed an anaconda
  2554 | D        | Killed an anaconda
  2556 | D        | Killed a naga
  2556 | D        | Killed a naga
  2556 | D        | Killed a naga
  2564 | D        | Killed a water moccasin
  2573 | D        | Killed a naga warrior
  2573 | D        | Killed a naga mage
  2573 | D        | Reached skill level 26 in Shields
  2573 | D        | Killed an anaconda
  2575 | D        | Killed a greater naga
  2575 | D        | Killed a greater naga
  2579 | D        | Killed a greater naga
  2582 | D        | Killed a naga mage
  2582 | D        | Reached skill level 5 in Dodging
  2584 | D        | Killed a naga warrior
  2587 | D        | Killed a naga warrior
  2675 | D        | Entered arena 21.
  2678 | D        | Noticed a water moccasin
  2678 | D        | Noticed a water moccasin
  2678 | D        | Noticed a black mamba
  2678 | D        | Noticed an anaconda
  2679 | D        | Noticed an anaconda
  2679 | D        | Noticed a black mamba
  2679 | D        | Noticed a naga warrior
  2679 | D        | Noticed a water moccasin
  2679 | D        | Noticed a naga mage
  2679 | D        | Noticed an anaconda
  2679 | D        | Noticed a guardian serpent
  2679 | D        | Noticed a guardian serpent
  2680 | D        | Noticed a greater naga
  2680 | D        | Noticed a guardian serpent
  2680 | D        | Noticed an anaconda
  2680 | D        | Noticed an anaconda
  2680 | D        | Noticed a naga warrior
  2680 | D        | Noticed a naga
  2680 | D        | Noticed a naga warrior
  2680 | D        | Noticed a naga
  2680 | D        | Noticed a naga
  2680 | D        | Noticed a greater naga
  2680 | D        | Noticed a greater naga
  2683 | D        | Killed a water moccasin
  2683 | D        | Killed an anaconda
  2684 | D        | Noticed a naga warrior
  2685 | D        | Killed a black mamba
  2685 | D        | Killed a water moccasin
  2686 | D        | Noticed a naga mage
  2686 | D        | Killed a black mamba
  2686 | D        | Killed a water moccasin
  2690 | D        | Killed an anaconda
  2692 | D        | Killed an anaconda
  2693 | D        | Killed a guardian serpent
  2693 | D        | Killed an anaconda
  2697 | D        | Killed a guardian serpent
  2699 | D        | Killed an anaconda
  2699 | D        | Killed a naga
  2700 | D        | Killed a naga mage
  2705 | D        | Killed a naga
  2706 | D        | Killed a greater naga
  2706 | D        | Killed a guardian serpent
  2711 | D        | Killed a naga warrior
  2711 | D        | Killed a naga mage
  2712 | D        | Killed a greater naga
  2712 | D        | Killed a naga warrior
  2717 | D        | Killed a naga warrior
  2721 | D        | Killed a naga warrior
  2725 | D        | Killed a greater naga
  2725 | D        | Reached skill level 27 in Shields
  2728 | D        | Killed a naga
  2745 | D        | Got the amulet "Siuquic" {Stasis +Inv MR+}
  2783 | D        | Lost mutation: You are partially covered in slimy green scales (AC +2). [mutagenic meat]
  2785 | D        | Gained mutation: You are dopey. (Int -2) [mutagenic meat]
  2788 | D        | Lost mutation: You are dopey. (Int -2) [mutagenic meat]
  2791 | D        | Gained mutation: You can translocate small distances at will. [mutagenic meat]
  2792 | D        | Gained mutation: Your muscles are strong. (Str +2) [mutagenic meat]
  2794 | D        | Gained mutation: Your body sometimes deteriorates upon taking damage. [mutagenic meat]
  2795 | D        | Gained mutation: Potions and wands are less effective at restoring your health. [mutagenic meat]
  2797 | D        | Lost mutation: Your muscles are strong. (Str +2) [mutagenic meat]
  2798 | D        | Lost mutation: Your body sometimes deteriorates upon taking damage. [mutagenic meat]
  2799 | D        | Gained mutation: You have a beak for a mouth. [mutagenic meat]
  2849 | D        | Entered arena 22.
  2855 | D        | Noticed a spiny frog
  2855 | D        | Noticed a komodo dragon
  2855 | D        | Noticed a four-headed hydra
  2855 | D        | Noticed a spiny frog
  2855 | D        | Noticed a spiny frog
  2855 | D        | Noticed a crocodile
  2855 | D        | Noticed a crocodile
  2855 | D        | Noticed a water moccasin
  2855 | D        | Noticed a water moccasin
  2856 | D        | Noticed a water moccasin
  2856 | D        | Noticed a spiny frog
  2857 | D        | Noticed a black mamba
  2857 | D        | Noticed a spiny frog
  2857 | D        | Noticed a crocodile
  2857 | D        | Noticed a spiny frog
  2857 | D        | Noticed a hippogriff
  2857 | D        | Noticed a komodo dragon
  2857 | D        | Noticed a griffon
  2857 | D        | Noticed a komodo dragon
  2858 | D        | Noticed a spiny frog
  2858 | D        | Noticed a catoblepas
  2858 | D        | Noticed a water moccasin
  2858 | D        | Noticed a komodo dragon
  2858 | D        | Noticed a dire elephant
  2858 | D        | Noticed a komodo dragon
  2858 | D        | Noticed a fire drake
  2858 | D        | Noticed a wandering mushroom
  2858 | D        | Noticed a dire elephant
  2859 | D        | Killed a water moccasin
  2861 | D        | Noticed a wolf
  2862 | D        | Killed a crocodile
  2862 | D        | Reached skill level 27 in Armour
  2862 | D        | Killed a water moccasin
  2862 | D        | Killed a komodo dragon
  2863 | D        | Killed a spiny frog
  2863 | D        | Killed a spiny frog
  2865 | D        | Killed a four-headed hydra
  2865 | D        | Killed a black mamba
  2866 | D        | Killed a crocodile
  2866 | D        | Killed a spiny frog
  2867 | D        | Killed a spiny frog
  2867 | D        | Killed a spiny frog
  2868 | D        | Killed a komodo dragon
  2869 | D        | Killed a komodo dragon
  2869 | D        | Killed a spiny frog
  2871 | D        | Killed a water moccasin
  2871 | D        | Killed a water moccasin
  2872 | D        | Killed a crocodile
  2872 | D        | Killed a hippogriff
  2873 | D        | Killed a wolf
  2874 | D        | Killed a griffon
  2874 | D        | Reached skill level 5 in Evocations
  2876 | D        | Killed a komodo dragon
  2876 | D        | Killed a spiny frog
  2877 | D        | Killed a dire elephant
  2878 | D        | Killed a catoblepas
  2879 | D        | Killed a komodo dragon
  2883 | D        | Killed a fire drake
  2883 | D        | Killed a dire elephant
  2925 | D        | Got the ring of Edydosai {Wiz *Corrode rC+ Int+8}
  2932 | D        | Killed a wandering mushroom
  2970 | D        | Got the ring "Gioles" {*Contam rPois rF++ MR++}
  2992 | D        | Entered arena 23.
  2998 | D        | Noticed an acid blob
  2998 | D        | Noticed a golden eye
  2998 | D        | Noticed a slime creature
  2998 | D        | Noticed an azure jelly
  2998 | D        | Noticed a slime creature
  2998 | D        | Noticed an azure jelly
  2998 | D        | Noticed a slime creature
  2998 | D        | Noticed an acid blob
  2998 | D        | Noticed a death ooze
  2998 | D        | Noticed a great orb of eyes
  2999 | D        | Noticed an acid blob
  2999 | D        | Noticed an azure jelly
  2999 | D        | Noticed an azure jelly
  2999 | D        | Noticed an acid blob
  2999 | D        | Noticed a golden eye
  2999 | D        | Noticed a shining eye
  2999 | D        | Noticed a slime creature
  2999 | D        | Noticed a death ooze
  2999 | D        | Noticed an azure jelly
  2999 | D        | Noticed a death ooze
  2999 | D        | Noticed an eye of devastation
  2999 | D        | Noticed a death ooze
  2999 | D        | Noticed a slime creature
  2999 | D        | Noticed a jelly
  3000 | D        | Noticed an eye of draining
  3000 | D        | Noticed a slime creature
  3000 | D        | Noticed a slime creature
  3000 | D        | Noticed a great orb of eyes
  3000 | D        | Noticed an azure jelly
  3000 | D        | Noticed a slime creature
  3000 | D        | Noticed a slime creature
  3000 | D        | Noticed an azure jelly
  3000 | D        | Noticed an acid blob
  3000 | D        | Noticed an acid blob
  3001 | D        | Noticed a shining eye
  3001 | D        | Noticed an azure jelly
  3001 | D        | Noticed a slime creature
  3001 | D        | Noticed a death ooze
  3001 | D        | Noticed an azure jelly
  3003 | D        | Killed a jelly
  3003 | D        | Killed an azure jelly
  3003 | D        | Killed a slime creature
  3003 | D        | Killed a golden eye
  3004 | D        | Killed a shining eye
  3004 | D        | Killed a slime creature
  3004 | D        | Killed an azure jelly
  3004 | D        | Killed a great orb of eyes
  3004 | D        | Killed a death ooze
  3004 | D        | Reached XP level 17. HP: 87/126 MP: 17/25
  3004 | D        | Killed a death ooze
  3004 | D        | Killed a slime creature
  3004 | D        | Killed a slime creature
  3004 | D        | Killed a death ooze
  3005 | D        | Killed an azure jelly
  3005 | D        | Killed a golden eye
  3005 | D        | Killed an azure jelly
  3005 | D        | Killed an eye of draining
  3005 | D        | Killed a slime creature
  3005 | D        | Killed a slime creature
  3005 | D        | Killed an eye of devastation
  3005 | D        | Killed a death ooze
  3005 | D        | Reached skill level 10 in Evocations
  3005 | D        | Killed a slime creature
  3005 | D        | Killed a slime creature
  3005 | D        | Killed an azure jelly
  3005 | D        | Killed an azure jelly
  3005 | D        | Killed a death ooze
  3005 | D        | Killed an acid blob
  3005 | D        | Killed a slime creature
  3005 | D        | Killed an acid blob
  3005 | D        | Reached skill level 10 in Dodging
  3013 | D        | Killed a slime creature
  3014 | D        | Killed an acid blob
  3016 | D        | Killed a shining eye
  3019 | D        | Killed an azure jelly
  3022 | D        | Killed an acid blob
  3024 | D        | Killed an acid blob
  3029 | D        | Killed an azure jelly
  3029 | D        | Killed an acid blob
  3032 | D        | Killed a great orb of eyes
  3033 | D        | Killed an azure jelly
  3052 | D        | Got the ring "Veniucap" {+Inv AC+4 Str+4 Int+2 Stlth-}
  3059 | D        | Got the ring of Mabby {rElec rF+ rN+ Str+4 Int-2}
  3069 | D        | Got the ring of Rufuvoowy {rN+ MR+ MP+9 Int-4}
  3361 | D        | Entered arena 24.
  3367 | D        | Noticed a greater mummy
  3367 | D        | Noticed an anubis guard
  3367 | D        | Noticed an anubis guard
  3368 | D        | Noticed a flying skull
  3368 | D        | Noticed a mummy priest
  3368 | D        | Noticed a greater mummy
  3368 | D        | Noticed a greater mummy
  3368 | D        | Noticed a mummy priest
  3368 | D        | Noticed a greater mummy
  3368 | D        | Noticed a guardian mummy
  3369 | D        | Noticed a guardian mummy
  3369 | D        | Noticed a guardian mummy
  3369 | D        | Noticed an anubis guard
  3369 | D        | Noticed a mummy priest
  3369 | D        | Noticed a mummy priest
  3371 | D        | Noticed an ushabti
  3371 | D        | Noticed an ushabti
  3372 | D        | Noticed a guardian mummy
  3372 | D        | Noticed a mummy priest
  3372 | D        | Noticed an ushabti
  3374 | D        | Noticed an ushabti
  3374 | D        | Noticed a guardian mummy
  3374 | D        | Noticed a guardian mummy
  3374 | D        | Noticed a mummy priest
  3374 | D        | Noticed a greater mummy
  3376 | D        | Noticed a mummy priest
  3376 | D        | Killed an anubis guard
  3376 | D        | Killed an anubis guard
  3378 | D        | HP: 6/129 [greater mummy/divine providence (12)]
  3379 | D        | Killed from afar by a greater mummy

Vault maps used:
D:        sprint_v

Action                   |  1- 3 |  4- 6 |  7- 9 | 10-12 | 13-15 | 16-18 || total
-------------------------+-------+-------+-------+-------+-------+-------++-------
Melee: Shillelagh        |     3 |    14 |    59 |    79 |   176 |   119 ||   450
Invok: Disaster Area     |       |       |       |       |     6 |     5 ||    11
       Upheaval          |       |       |       |       |       |     2 ||     2
       Elemental Force   |       |       |       |       |       |     1 ||     1
 Abil: Evoke Invisibilit |       |       |       |       |       |     3 ||     3
  Use: Potion            |     1 |       |       |     1 |     5 |     7 ||    14
       Scroll            |       |       |       |     1 |       |       ||     1
 Stab: Invisible         |       |       |       |       |       |     9 ||     9
  Eat: Chunk             |       |       |       |    21 |     6 |    19 ||    46
       Meat ration       |       |       |       |     1 |     1 |     1 ||     3
